[Event "*** Titled Tuesday Blitz"]
[Site "Chess.com"]
[Date "2020.05.19"]
[Round "10"]
[White "TregubovP"]
[Black "okriak"]
[Result "1-0"]
[WhiteElo "2579"]
[BlackElo "2732"]
[TimeControl "180+1"]
[EndTime "13:57:40 PDT"]
[Termination "TregubovP won by checkmate"]

1. e4 e5 2. Nf3 Nc6 3. Bb5 a6 4. Ba4 Nf6 5. d4 exd4 6. O-O Be7 7. e5 Ne4 8. Nxd4 Nc5 9. Nf5 g6 10. Nxe7 Qxe7 11. Bxc6 dxc6 12. Bh6 Ne6 13. Nc3 Bd7 14. Ne4 O-O-O 15. Nf6 c5 16. Re1 Bc6 17. Qg4 Kb8 18. c3 Rd3 19. Rad1 Rhd8 20. Rxd3 Rxd3 21. Nxh7 Qd8 22. Nf6 b6 23. h4 a5 24. h5 gxh5 25. Qxh5 Qe7 26. Be3 Kb7 27. Rd1 Ng7 28. Qg4 Rxd1+ 29.
Qxd1 Qxe5 30. Ng4 Qe6 31. f3 Nf5 32. Bf2 Qxa2 33. Ne5 Qd5 34. Qe1 Ba4 35. c4 Qe6 36. Qe4+ Kb8 37. g4 Nd6 38. Qf4 Kb7 39. Bh4 Be8 40. Kg2 Ba4 41. Bf6 Bb3 42. Qe3 Bxc4 43. Bg7 Bd5 44. Qf4 Nc4 45. Kg3 Nxe5 46. Bxe5 Qc6 47.
g5 a4 48. Qe3 b5 49. Bf6 b4 50. Be5 Kb6 51. Bf6 Qe6 52. Be5 Qf5 53. Bf4 Qe6 54. Be5 Kb5 55. Qe2+ Bc4 56. Qe3 Qd5 57.
Bxc7 Qd4 58. Qe8+ Ka6 59. Qa8+ Kb5 60. Qb7# 1-0

[Event "*** Titled Tuesday Blitz"]
[Site "Chess.com"]
[Date "2020.05.19"]
[Round "10"]
[White "Indianlad"]
[Black "chito89"]
[Result "1-0"]
[WhiteElo "2930"]
[BlackElo "2729"]
[TimeControl "180+1"]
[EndTime "13:57:41 PDT"]
[Termination "Indianlad won on time"]

1. d4 Nf6 2. Nf3 e6 3. c4 c5 4.
d5 exd5 5. cxd5 d6 6. Nc3 g6 7.
Bf4 a6 8. e4 Bg7 9. a4 O-O 10.
Be2 Bg4 11. O-O Bxf3 12. Bxf3 Ne8 13. Qb3 Qc7 14. Rfe1 Nd7 15. h3 Ne5 16. Be2 Rb8 17. Bg3 c4 18. Qb4 b5 19. axb5 axb5 20. Ra6 f5 21.
exf5 gxf5 22. Rea1 f4 23. Bh2 Qf7 24. Bf1 Qg6 25.
Kh1 Rb7 26. Ra7 Rxa7 27. Rxa7 Nd3 28. Bxd3 Qxd3 29. Ra1 Be5 30. f3 Kh8 31. Qxb5 Rg8 32. Qa4 Qd2 33. Rg1 Qxb2 34. Nb5 c3 35. Bxf4 Bxf4 36. Qxf4 c2 37. Qd4+ Qxd4 38. Nxd4 Nf6 39. Nxc2 Nxd5 40. Rd1 Nf4 41. Ne3 Re8 42. Rd4 Ne2 43.
Rd3 Nf4 44. Ra3 d5 45. Ra4 Nxh3 46. Nxd5 1-0

[Event "*** Titled Tuesday Blitz"]
[Site "Chess.com"]
[Date "2020.05.19"]
[Round "10"]
[White "bazar-wokzal"]
[Black "quesfr"]
[Result "1-0"]
[WhiteElo "2509"]
[BlackElo "2302"]
[TimeControl "180+1"]
[EndTime "13:57:42 PDT"]
[Termination "bazar-wokzal won on time"]

1. e4 e6 2. d4 d5 3. exd5 exd5 4. Nf3 Bd6 5. c4 c6 6. Bd3 Ne7 7. O-O O-O 8. Nc3 Bf5 9. Be2 Nd7 10. Bg5 f6 11. Bh4 Be6 12. Qb3 Qb6 13. c5 Qxb3 14. axb3 Bf4 15. b4 a6 16. Rfe1 Kf7 17. Bd3 g6 18. Bg3 Bxg3 19. hxg3 Bg4 20. Nd2 Bf5 21. Bf1 Rfe8 22. Nb3 Ng8 23. Na5 Rab8 24. Rxe8 Kxe8 25. f3 Nf8 26. g4 Bd7 27. Kf2 Kd8 28. Bd3 Kc7 29. Na4 Re8 30. Nb6 Bc8 31. Nb3 Nd7 32.
Nxc8 Kxc8 33. b5 axb5 34. Ra8+ Nb8 35. Ra1 Kc7 36. Rh1 Re7 37. Ra1 Na6 38. f4 Re8 39. g5 Rf8 40. Ke3 Nb4 41. Nd2 fxg5 42. fxg5 Ne7 43. Nf3 Nf5+ 44. Bxf5 Rxf5 45. Rh1 Rf7 46. Ne5 Re7 47. Kd2 Na6 48. Ng4 Nb8 49. Nf6 Nd7 50.
Rxh7 Rxh7 51. Nxh7 Kd8 52. Nf6 Ke7 53. Ng4 Nf8 54.
Ke3 Ke6 55. Ne5 Kf5 56. Nf7 1-0

[Event "*** Titled Tuesday Blitz"]
[Site "Chess.com"]
[Date "2020.05.19"]
[Round "10"]
[White "Corpescador"]
[Black "Karina_Ivanova"]
[Result "0-1"]
[WhiteElo "2332"]
[BlackElo "2208"]
[TimeControl "180+1"]
[EndTime "13:57:42 PDT"]
[Termination "Karina_Ivanova won on time"]

1. e4 c6 2. Nc3 d5 3. Nf3 Bg4 4. h3 Bxf3 5. Qxf3 e6 6. d4 dxe4 7. Qxe4 Nf6 8. Qd3 Bd6 9. g3 Nbd7 10. Bg2 O-O 11. O-O e5 12. d5 cxd5 13. Nxd5 Rb8 14. Rd1 Bc5 15. Be3 Nxd5 16. Qxd5 Bxe3 17. Qxd7 Bd4 18. Qxd8 Rfxd8 19. c3 Bb6 20. Bd5 Kf8 21. Kg2 Rd7 22. Rd3 Rbd8 23. Rad1 Ke7 24. g4 f6 25. Kf3 Bc5 26. b4 Bb6 27. Ke2 a5 28. a3 axb4 29. axb4 Ba7 30. h4 b6 31.
h5 h6 32. Be4 Rxd3 33. Bxd3 Rd7 34. Kf3 Bb8 35. Ke4 Rc7 36. Rc1 Rd7 37. f3 Ba7 38. Ra1 Bb8 39. Bb5 Rc7 40. Ra8 Rc8 41. Kf5 Rd8 42.
Kg6 Kf8 43. Bc4 Bc7 44. Ra7 Rd7 45. Be6 Re7 46. Kf5 Bd6 47. Ra8+ Re8 48. Ra6 Rb8 49. Bd5 Be7 50. Kg6 Bd6 51. Ra7 Be7 52. Rd7 b5 53. Bc6 Rb6 0-1

[Event "*** Titled Tuesday Blitz"]
[Site "Chess.com"]
[Date "2020.05.19"]
[Round "10"]
[White "MirMan90"]
[Black "Chessialist"]
[Result "1/2-1/2"]
[WhiteElo "2745"]
[BlackElo "2571"]
[TimeControl "180+1"]
[EndTime "13:57:43 PDT"]
[Termination "Game drawn - insufficient material"]

1. e4 e6 2. d4 d5 3. Nd2 a6 4.
e5 c5 5. c3 Nc6 6. Ndf3 Nge7 7. Bd3 Nf5 8. Ne2 cxd4 9. cxd4 Be7 10. O-O O-O 11. a3 Bd7 12. b4 Rc8 13. Bb2 Na7 14. Rc1 Bb5 15. Bb1 Qd7 16. Qd2 Rxc1 17. Rxc1 Rc8 18. Re1 Bxe2 19. Qxe2 Nb5 20. Qd3 g6 21. g3 Nc7 22. h4 h5 23. Kg2 Na8 24. Rc1 Rxc1 25.
Bxc1 Qc6 26. Qd1 Nb6 27. Bg5 Bxg5 28. Nxg5 Qc3 29. Bxf5 exf5 30. e6 fxe6 31. Nxe6 Qc6 32. Nf4 Nc4 33. Qf3 Kf7 34. a4 Nd2 35. Qxd5+ Qxd5+ 36. Nxd5 Nb3 37. Kf3 Nxd4+ 38. Ke3 Nc6 39. Kd3 Ke6 40.
Nf4+ Kf6 41. Kc4 Ne5+ 42. Kc5 Ng4 43. Kb6 Nxf2 44. Kxb7 Ne4 45. Kxa6 g5 46. hxg5+ Kxg5 47. b5 Kg4 48. b6 h4 49. gxh4 Kxf4 50. Ka7 Nc5 51.
a5 Kg4 52. a6 f4 53. b7 Nd7 54.
b8=Q Nxb8 55. Kxb8 f3 56. a7 f2 57. a8=Q f1=Q 58.
Qe4+ Qf4+ 59. Qxf4+ Kxf4 60. h5 Kg5 61. h6 Kxh6 1/2-1/2

[Event "*** Titled Tuesday Blitz"]
[Site "Chess.com"]
[Date "2020.05.19"]
[Round "10"]
[White "cassoulet"]
[Black "Herracek"]
[Result "0-1"]
[WhiteElo "2625"]
[BlackElo "2557"]
[TimeControl "180+1"]
[EndTime "13:57:44 PDT"]
[Termination "Herracek won on time"]

1. e4 c5 2. Nf3 Nc6 3. Bb5 g6 4. O-O Bg7 5. Re1 e5 6. c3 Nge7 7. d3 O-O 8. h3 a6 9. Ba4 b5 10. Bb3 d5 11. Bg5 f6 12. Bh4 Na5 13. Bc2 d4 14. a4 b4 15. cxd4 cxd4 16. Nbd2 Be6 17. Nb3 Nec6 18. Nxa5 Nxa5 19. Nd2 Rc8 20. Bb3 Nxb3 21.
Nxb3 g5 22. Bg3 Qb6 23. h4 h6 24. Nd2 Rc6 25. b3 Rc3 26. Nc4 Qc6 27. Rc1 g4 28. f4 Bxc4 29. bxc4 Rxc1 30. Qxc1 Qxa4 31. h5 Qe8 32. c5 a5 33. Qc4+ Qf7 34. Qb5 Ra8 35. fxe5 fxe5 36. Rf1 Qxh5 37. c6 Qe8 38. Qd5+ Kh8 39.
c7 b3 40. Qxb3 a4 41. Qc4 a3 42. Rc1 a2 43. Qxa2 Rxa2 44. c8=Q Qxc8 45. Rxc8+ Kh7 46. Rc7 Ra5 47. Kh2 Kg6 48. Bh4 Ra6 49. Kg3 h5 50.
Be7 Bh6 51. Kh4 Be3 52. Kg3 Bf4+ 53. Kh4 Re6 54. Bd8 Be3 55. Kg3 Bd2 56. Kh4 Ba5 57.
Rd7 Be1+ 58. g3 Rc6 59. Re7 Rc2 0-1

[Event "*** Titled Tuesday Blitz"]
[Site "Chess.com"]
[Date "2020.05.19"]
[Round "10"]
[White "MFBerna"]
[Black "GregShahade"]
[Result "1/2-1/2"]
[WhiteElo "2349"]
[BlackElo "2505"]
[TimeControl "180+1"]
[EndTime "13:57:44 PDT"]
[Termination "Game drawn by repetition"]

1. d4 Nf6 2. Nf3 g6 3. Nc3 d5 4. g3 Bg7 5. Bg2 O-O 6. O-O c6 7. Bf4 Bf5 8. Ne5 Nbd7 9. Qd2 Nxe5 10. Bxe5 Nd7 11. Bxg7 Kxg7 12. e4 dxe4 13. Nxe4 Qb6 14. c3 Bxe4 15. Bxe4 Nf6 16. Bg2 Rad8 17. Qe2 Rfe8 18.
Rfe1 Nd5 19. Qc2 Qc7 20. Re5 e6 21. Rae1 Nf6 22. Qe2 Qb6 23. b3 a5 24. Qf3 a4 25. b4 Nd5 26. a3 Qc7 27. h4 h5 28.
Bf1 Qe7 29. Bd3 Qf6 30. Qxf6+ Kxf6 31. c4 Ne7 32. R1e4 Nf5 33. Rf4 Re7 34. Bxf5 gxf5 35. Ra5 Red7 36. Rxa4 Rxd4 37. Rxd4 Rxd4 38. Ra7 b5 39. c5 Rd3 40. Rc7 Rxa3 41. Rxc6 Rb3 42. Rb6 Rxb4 43. f4 Rb2 44. c6 Rc2 45. Rxb5 Rxc6 46. Ra5 Rc2 47. Rb5 Ke7 48. Rb6 Kd7 49. Rb7+ Kd6 50. Rxf7 Kd5 51. Rf6 Ra2 52. Rh6 Ke4 53.
Rxe6+ Kf3 54. Rg6 Ra1+ 55. Kh2 Ra2+ 56. Kg1 Ra1+ 57. Kh2 Ra2+ 58. Kh3 Ra1 59. Kh2 1/2-1/2

[Event "*** Titled Tuesday Blitz"]
[Site "Chess.com"]
[Date "2020.05.19"]
[Round "10"]
[White "tsvet2005"]
[Black "Meri-Arabidze"]
[Result "1-0"]
[WhiteElo "2531"]
[BlackElo "2596"]
[TimeControl "180+1"]
[EndTime "13:57:45 PDT"]
[Termination "tsvet2005 won on time"]

1. d4 f5 2. c4 Nf6 3. Nf3 e6 4. g3 c6 5. Bg2 d5 6. O-O Bd6 7. b3 Qe7 8. Qc2 O-O 9. Ne5 b6 10. Nd3 Bb7 11. Bf4 Nbd7 12. Bxd6 Qxd6 13. Nd2 Ne4 14. Nf3 Rac8 15. Qb2 c5 16. cxd5 exd5 17. dxc5 bxc5 18. Rac1 Ba6 19. Rfd1 Qb6 20. Nf4 d4 21. Rc2 Ndf6 22. Qa3 Rfe8 23. e3 g5 24. Nd3 Nc3 25. Rdd2 Nfe4 26. Nb2 Nxd2 27. Nxd2 Ne2+ 28. Kh1 d3 29. Rc4 Bxc4 30. Nbxc4 Qf6 31. Qxa7 f4 32. Bd5+ Kh8 33. Ne4 Qa1+ 34. Kg2 Rf8 35. Nxg5 Qg7 36. Qxg7+ Kxg7 37. Ne6+ Kf6 38. Nxf8 Rxf8 39. gxf4 Nc3 40.
Bf3 Rd8 41. Nd2 Nxa2 42. e4 Nc3 43. Bg4 Ke7 44. Kf3 Ra8 45. Ke3 Rd8 46. h4 h6 47.
h5 Na2 48. Nc4 Nb4 49. f5 Nc2+ 50. Kd2 Nd4 51. Na5 Nb5 52. Nc6+ Kf6 53. Nxd8 Nd4 54. Kxd3 1-0

[Event "*** Titled Tuesday Blitz"]
[Site "Chess.com"]
[Date "2020.05.19"]
[Round "10"]
[White "Maksimus1998"]
[Black "Harry_Rakkel"]
[Result "1-0"]
[WhiteElo "2460"]
[BlackElo "2553"]
[TimeControl "180+1"]
[EndTime "13:57:45 PDT"]
[Termination "Maksimus1998 won on time"]

1. c4 e5 2. g3 c6 3. Nf3 e4 4. Nd4 d5 5. cxd5 Qxd5 6. Nc2 Nf6 7. Nc3 Qe5 8. Bg2 Bf5 9. b3 Bd6 10. Bb2 Qe7 11. Ne3 Bg6 12. O-O Nbd7 13. Nc4 Bc5 14. Na4 h5 15. Nxc5 Nxc5 16. Ne5 h4 17.
Nxg6 fxg6 18. Qc2 hxg3 19. hxg3 Ncd7 20. d3 exd3 21. Qxd3 O-O-O 22. Qxg6 Qxe2 23. Bxf6 gxf6 24. Rfe1 Qh5 25. Qxh5 Rxh5 26. Re6 Re5 27. Bh3 Kc7 28. Rd1 Rxe6 29. Bxe6 Nc5 30. Rxd8 Kxd8 31. Bf5 a5 32. f4 Na6 33. Kf2 Nb4 34. a3 Nd5 35. Ke2 Ke7 36.
Kd3 Kd6 37. Be4 Nc7 38. g4 Ne6 39. Ke3 b5 40. b4 a4 41. Bf5 Nc7 42. g5 Nd5+ 43. Kf3 fxg5 44. fxg5 Nb6 45. g6 Ke7 46. Bd3 Kf6 47. Ke3 Nd7 48. Kd4 Ke7 49. Be4 Nb6 50. Bxc6 Nc4 51. Bxb5 Nxa3 52. Bxa4 Kf6 53. Be8 Nc2+ 54.
Kc5 1-0

[Event "*** Titled Tuesday Blitz"]
[Site "Chess.com"]
[Date "2020.05.19"]
[Round "10"]
[White "cukin84"]
[Black "PlayChessSimple"]
[Result "0-1"]
[WhiteElo "2179"]
[BlackElo "2501"]
[TimeControl "180+1"]
[EndTime "13:57:45 PDT"]
[Termination "PlayChessSimple won by checkmate"]

1. e4 e6 2. d4 d5 3. Nc3 Nf6 4. e5 Nfd7 5. f4 c5 6. Nf3 Nc6 7. Be3 Qb6 8. Qd2 Qxb2 9. Rb1 Qa3 10. Rb3 Qa5 11. Bb5 c4 12. Rb1 Bb4 13. Rxb4 Nxb4 14.
O-O Nxa2 15. Bxd7+ Bxd7 16. Nxa2 Qxa2 17. f5 exf5 18.
Nh4 O-O 19. Bg5 Rfe8 20. Qf2 Qa6 21. Qg3 Kh8 22. h3 Rg8 23. Be7 Rae8 24. Bd6 Re6 25. Nxf5 Rg6 26. Qh4 Bxf5 27. Rxf5 Qa1+ 28. Kh2 Qd1 29.
Bc5 Qxc2 30. Rg5 Rxg5 31. Qxg5 Qe4 32. h4 a5 33. h5 h6 34. Qe7 Qf4+ 35. g3 Qf2+ 36. Kh3 Qf5+ 37. Kh2 Qxh5+ 38. Kg2 Qe2+ 39. Kh3 Qf1+ 40. Kh2 b5 41. Bd6 Qf2+ 42. Kh3 b4 43. e6 Qf5+ 44. Kh2 Qxe6 45. Qc7 b3 46. Be5 b2 47.
Qb7 c3 48. Qb3 a4 49. Qc2 a3 50. Qb1 f6 51. Bf4 Qe4 52. Qa2 b1=Q 53. Qxb1 Qxb1 54. Kh3 a2 55. Bxh6 gxh6 56. Kh4 Qe4+ 57. Kh5 Qg6+ 58.
Kh4 Qg4# 0-1

[Event "*** Titled Tuesday Blitz"]
[Site "Chess.com"]
[Date "2020.05.19"]
[Round "10"]
[White "Rodchenkov_Vitalij"]
[Black "Love_craft"]
[Result "1-0"]
[WhiteElo "2401"]
[BlackElo "2481"]
[TimeControl "180+1"]
[EndTime "13:57:46 PDT"]
[Termination "Rodchenkov_Vitalij won on time"]

1. d4 Nf6 2. c4 g6 3. g3 Bg7 4. Bg2 O-O 5. Nf3 d6 6. O-O Nbd7 7. Nc3 e5 8. dxe5 dxe5 9. e4 c6 10. Qd6 Ne8 11. Qa3 Bf6 12. Rd1 Be7 13. Qb3 Qc7 14.
Be3 Ng7 15. Rd2 Ne6 16. Rad1 Bc5 17. Bxc5 Ndxc5 18. Qc2 a5 19. Na4 Nxa4 20. Qxa4 Nc5 21. Qa3 Nxe4 22. Re2 f5 23. Nd2 Nxd2 24. Rexd2 Be6 25.
Qc5 e4 26. b3 Rad8 27. h4 Rxd2 28. Rxd2 Rd8 29. Rxd8+ Qxd8 30. Qe5 Qd7 31. Qxa5 h6 32. c5 g5 33. hxg5 hxg5 34. Qb6 Bd5 35. a4 f4 36. gxf4 gxf4 37. a5 f3 38. a6 bxa6 39. Qb8+ Kh7 40. Qh2+ Kg8 41. Qb8+ Kf7 42. Qf4+ Ke7 43. Qh4+ Ke8 44.
Qh8+ Ke7 45. Qh4+ Kf8 46. Qh8+ Bg8 47. Qf6+ Qf7 48. Qxc6 fxg2 49. Qh6+ Qg7 50. Qxa6 e3 51. Qa8+ Kf7 52. Qxg2 1-0

[Event "*** Titled Tuesday Blitz"]
[Site "Chess.com"]
[Date "2020.05.19"]
[Round "10"]
[White "Vaathi_Coming"]
[Black "Zurability"]
[Result "0-1"]
[WhiteElo "2871"]
[BlackElo "2722"]
[TimeControl "180+1"]
[EndTime "13:57:50 PDT"]
[Termination "Zurability won on time"]

1. e4 c5 2. Nf3 d6 3. d4 cxd4 4.
Nxd4 Nf6 5. Nc3 a6 6. Bd3 g6 7. h4 Bg7 8. h5 Nxh5 9. Nf5 Bxf5 10. exf5 Nf6 11. g4 Nc6 12. g5 Nd7 13. Be3 Qa5 14.
fxg6 hxg6 15. Rxh8+ Bxh8 16. Qd2 Bxc3 17. bxc3 Nce5 18. Ke2 Qd5 19. Rf1 Qf3+ 20. Ke1 Nxd3+ 21. cxd3 Ne5 22. Qe2 Qd5 23. d4 Nf3+ 24. Kd1 Rc8 25. Qc2 Nxg5 26. Qa4+ Rc6 27. c4 Qf3+ 28. Ke1 Qg4 29.
d5 Nf3+ 30. Kd1 Ne5+ 31. Ke1 Qxc4 32. Qxc4 Rxc4 33. Rh1 Nd3+ 34. Kd2 Nb4 35. Rh8+ Kd7 36. Rh7 Nxd5 37. Rxf7 Ra4 38. Bg5 Rxa2+ 39. Kd3 Ra4 40. f4 b5 41. Rf8 Rc4 42. Ra8 Nxf4+ 43. Ke3 Ne6 44. Bh6 Nc5 45. Kf3 e5 46. Bg5 Ke6 47.
Ra7 Rc3+ 48. Ke2 d5 49. Bd2 Rc4 50. Bg5 e4 51. Be3 d4 52. Bg5 Rc2+ 53. Kd1 d3 54. Re7+ Kd5 55. Be3 Na4 56. Rd7+ Ke6 57. Rd4 Nc3+ 58.
Ke1 Re2+ 59. Kf1 Rxe3 60. Kf2 Re2+ 61. Kg3 d2 62. Kf4 d1=Q 63. Kg5 Rg2+ 64. Kh6 Qxd4 0-1

[Event "*** Titled Tuesday Blitz"]
[Site "Chess.com"]
[Date "2020.05.19"]
[Round "10"]
[White "Ranindu2003"]
[Black "joksijoksi"]
[Result "1-0"]
[WhiteElo "2457"]
[BlackElo "2334"]
[TimeControl "180+1"]
[EndTime "13:57:50 PDT"]
[Termination "Ranindu2003 won by resignation"]

1. e4 e6 2. d4 d5 3. Nd2 Nf6 4.
e5 Nfd7 5. Bd3 c5 6. c3 Nc6 7. Ngf3 h5 8. O-O g5 9. dxc5 Ndxe5 10. Bb5 Bd7 11. Bxc6 Nxc6 12. Nb3 g4 13. Nfd4 Bg7 14. f3 e5 15. Nb5 O-O 16. Qxd5 Ne7 17. Qd3 Bxb5 18. Qxb5 a6 19. Qe2 f5 20. Bg5 Qc7 21. fxg4 hxg4 22. Rad1 Rae8 23. Qc4+ Kh7 24. Rd2 Nc6 25.
Rfd1 f4 26. Rd7 Qc8 27. Qe4+ Kg8 28. Qg6 Ne7 29. Bxe7 Rf7 30. Rd8 Rxe7 31. Rxc8 Rxc8 32. Qxg4 Rce8 33. Rd7 e4 34. Rxe7 Rxe7 35. Qxf4 e3 36. Nc1 Be5 37. Qg4+ Kf8 38. Qf3+ Ke8 39. Qe2 Bf6 40.
g3 Bg5 41. Nd3 Kd8 42. Nf4 Rd7 43. Ne6+ Kc8 44. Nxg5 Rd2 45. Qxe3 Rxb2 46. Qe8+ Kc7 47. Qe7+ Kc6 48. Qd6+ Kb5 49. Qb6+ Kc4 50. Qxb2 b5 51. Qb4+ Kd5 52. Qd4+ Kc6 53. Qd6+ Kb7 54. Qb6+ Kc8 55. c6 1-0

[Event "*** Titled Tuesday Blitz"]
[Site "Chess.com"]
[Date "2020.05.19"]
[Round "10"]
[White "Escanor89"]
[Black "XiaoKangZhong"]
[Result "1/2-1/2"]
[WhiteElo "2555"]
[BlackElo "2416"]
[TimeControl "180+1"]
[EndTime "13:57:51 PDT"]
[Termination "Game drawn by repetition"]

1. c4 Nf6 2. Nc3 e5 3. Nf3 Nc6 4. e3 d5 5. cxd5 Nxd5 6. Bb5 Nxc3 7. bxc3 Bd6 8. d4 exd4 9. cxd4 O-O 10. O-O Qf6 11. Be2 Bf5 12. Bb2 Rfd8 13. Qb3 Na5 14. Qa4 b6 15. Rac1 Bd7 16. Qc2 Qh6 17. e4 c5 18. e5 Bf8 19. d5 Bg4 20. Rcd1 Qf4 21. h3 Bf5 22. Qd2 Qxd2 23. Rxd2 Be4 24. Rfd1 a6 25. Ng5 Bg6 26. Bc3 Nb7 27. d6 b5 28. Bf3 Rab8 29. a3 h6 30. Ne4 a5 31.
Ng3 b4 32. Bb2 c4 33. axb4 axb4 34. Rd5 c3 35. Bc1 b3 36. Rb5 b2 37. Bxb2 cxb2 38. Bxb7 b1=Q 39. Rdxb1 Bxb1 40. Rxb1 Rd7 41. Be4 Rxb1+ 42.
Bxb1 f6 43. Bf5 Rd8 44. f4 g5 45. Be6+ Kh8 46. Nh5 fxe5 47. fxe5 Bxd6 48. exd6 Rxd6 49. Bf5 Rd1+ 50. Kf2 Ra1 51. Kf3 Ra4 52. g3 Rb4 53. Be4 Kg8 54. Nf6+ Kf7 55. Nd5 Rb3+ 56. Kg4 Rb8 57.
Kf5 Kg7 58. Ne3 Rb5+ 59. Kg4 Re5 60. Nf5+ Kg6 61. Bd3 h5+ 62. Kf3 Rxf5+ 63. Bxf5+ Kxf5 64. g4+ hxg4+ 65. hxg4+ Ke5 66. Ke3 Kd5 67. Kd3 Ke5 68.
Ke3 Kd5 69. Kd3 Ke5 70. Ke3 1/2-1/2

[Event "*** Titled Tuesday Blitz"]
[Site "Chess.com"]
[Date "2020.05.19"]
[Round "10"]
[White "FMOlexandrProhorov"]
[Black "Nathan_Filgueiras"]
[Result "0-1"]
[WhiteElo "2134"]
[BlackElo "2321"]
[TimeControl "180+1"]
[EndTime "13:57:51 PDT"]
[Termination "Nathan_Filgueiras won on time"]

1. e4 c5 2. c3 Nf6 3. e5 Nd5 4. Nf3 Nc6 5. Bc4 Nb6 6. Bb3 d5 7.
O-O Bf5 8. d4 e6 9. Be3 c4 10.
Bc2 Bxc2 11. Qxc2 Be7 12. Nbd2 O-O 13. g3 Nd7 14. h4 b5 15. Bg5 Re8 16. Rfe1 a5 17. Nf1 h6 18. Bf4 Nf8 19. h5 Qd7 20.
N1h2 Reb8 21. Ng4 Nh7 22. Qd2 Bf8 23. Kg2 b4 24. Nh4 a4 25. Re3 a3 26. bxa3 Rxa3 27.
cxb4 Rxe3 28. Qxe3 Nxb4 29. Rh1 Nd3 30. Ng6 Nxf4+ 31. Qxf4 fxg6 32. hxg6 Ng5 33. Nf6+ gxf6 34. exf6 Qd6 35. f7+ Kg7 36. Qh4 Kxg6 37. Qh5+ Kf6 38. Qg4 Nxf7 39. Re1 Ke7 40. Qg6 Rb2 41. Kg1 c3 42.
Qd3 Qc6 43. f4 Bg7 44. f5 e5 45. dxe5 Bxe5 46. f6+ Kxf6 47. Rf1+ Ke7 48. Qf5 Qe6 49. Qf3 Bd4+ 50. Kh1 Qe4 51. Qxe4+ dxe4 52. Re1 Nd6 53. a4 c2 54. a5 Rb1 0-1

[Event "*** Titled Tuesday Blitz"]
[Site "Chess.com"]
[Date "2020.05.19"]
[Round "10"]
[White "DDTerziev04"]
[Black "Margarita2907"]
[Result "1-0"]
[WhiteElo "2258"]
[BlackElo "2044"]
[TimeControl "180+1"]
[EndTime "13:57:51 PDT"]
[Termination "DDTerziev04 won on time"]

1. e4 c5 2. Nf3 d6 3. d4 cxd4 4. Qxd4 Nf6 5. Be2 Nc6 6. Qe3 g6 7. h3 Bg7 8. O-O O-O 9. Rd1 Qc7 10. c4 b6 11. Nc3 Bb7 12. Rb1 a6 13. b3 Nd7 14. Bb2 e6 15. Rd2 Rfd8 16. Rbd1 Nf6 17. Na4 Ne7 18. Bxf6 Bxf6 19. Nxb6 Rab8 20. Na4 d5 21. e5 Bg7 22. c5 Nf5 23. Qc3 d4 24. Qc4 Bxf3 25. Bxf3 Bxe5 26. Nb2 a5 27. Nd3 Bg7 28.
Re2 Nh4 29. Be4 Qe7 30. g3 Nf5 31. Bxf5 gxf5 32. Rde1 Qg5 33. Kg2 Re8 34. f4 Qd8 35. a3 Qc7 36. b4 axb4 37. axb4 Qc6+ 38. Kf2 Rec8 39. Ra1 Ra8 40. b5 Qb7 41. c6 Qb6 42. Rb1 Ra3 43. Ra2 Rc3 44. Ra6 Qxa6 45. Qxc3 dxc3 46. bxa6 c2 47. Rb7 Rxc6 48. Rb8+ Bf8 49. a7 Ra6 50. a8=Q Rxa8 51. Rxa8 1-0

[Event "*** Titled Tuesday Blitz"]
[Site "Chess.com"]
[Date "2020.05.19"]
[Round "10"]
[White "Shield12"]
[Black "ManuDavid2910"]
[Result "1-0"]
[WhiteElo "2827"]
[BlackElo "2704"]
[TimeControl "180+1"]
[EndTime "13:57:52 PDT"]
[Termination "Shield12 won by resignation"]

1. e4 c5 2. Nf3 Nc6 3. d4 cxd4 4.
Nxd4 e5 5. Nb5 d6 6. N1c3 a6 7. Na3 Be6 8. Nc4 Nf6 9. Bg5 Nd4 10. Bxf6 gxf6 11. Ne3 f5 12. exf5 Nxf5 13. Nxf5 Bxf5 14.
Qf3 Be6 15. Qxb7 Rb8 16. Qxa6 Rxb2 17. Bb5+ Ke7 18. Qb7+ Kf6 19. Qf3+ Ke7 20. O-O d5 21. Ba4 Bg7 22. Bb3 e4 23. Qg3 Rg8 24. Rad1 Bd4 25. Rxd4 Rxg3 26. hxg3 Qa5 27. Nxd5+ Kf8 28. Rfd1 Qc5 29.
Ne3 Bxb3 30. axb3 Qc3 31. Nf5 f6 32. Rd8+ Kf7 33. Ne3 h5 34. R8d4 f5 35. Nxf5 Qxc2 36. Rf1 Rb1 37. Ne3 Rxf1+ 38. Nxf1 Qxb3 39. Rxe4 Qd1 40. Rf4+ Kg6 41. Re4 Qc1 42. f3 Qd1 43. Kf2 Qc2+ 44.
Re2 Qc5+ 45. Ne3 Kg5 46. Kg1 h4 47. gxh4+ Kxh4 48. Kf2 Kg5 49. Rc2 Qd4 50. Ke2 Qa4 51. Rc4 Qa2+ 52. Rc2 Qa4 53. g3 Qb5+ 54. Kf2 Qd3 55.
f4+ Kf6 56. Kf3 Ke7 57. g4 Kd6 58. Rd2 1-0

[Event "*** Titled Tuesday Blitz"]
[Site "Chess.com"]
[Date "2020.05.19"]
[Round "10"]
[White "MarcoRiehle"]
[Black "Titus369"]
[Result "0-1"]
[WhiteElo "2649"]
[BlackElo "2538"]
[TimeControl "180+1"]
[EndTime "13:57:53 PDT"]
[Termination "Titus369 won by checkmate"]

1. e4 c5 2. a3 e6 3. b4 cxb4 4. axb4 Bxb4 5. Bb2 Nf6 6. e5 Nd5 7. c4 Nc7 8. Qg4 g6 9. h4 h5 10.
Qg3 Nc6 11. Nf3 Be7 12. Bd3 Nb4 13. Be4 Nca6 14. O-O Nc5 15. Nc3 Nxe4 16. Nxe4 O-O 17. Nf6+ Bxf6 18. exf6 d6 19. Qf4 e5 20. Qh6 Qxf6 21.
d4 e4 22. Ng5 Qg7 23. Qxg7+ Kxg7 24. d5+ f6 25. Nxe4 Bf5 26. Nxd6 Bd3 27. Rfe1 Rad8 28. Re7+ Kg8 29. Nxb7 Rde8 30. Bxf6 Rxe7 31. Bxe7 Nc2 32. Rd1 Re8 33. d6 Bf5 34. d7 Bxd7 35. Rxd7 Kf7 36. Bg5+ Ke6 37. Nc5+ Kf5 38. Rf7+ Ke5 39. Re7+ Rxe7 40.
Bxe7 Kd4 41. Ne6+ Kxc4 42. Nf4 a5 43. Nxg6 a4 44. f4 Nb4 45. Ne5+ Kb3 46. Nd7 a3 47. Nc5+ Kc4 48. Ne4 a2 49. Nd2+ Kc3 50. Ne4+ Kd4 51. Nf2 a1=Q+ 52. Kh2 Nd5 53. Bg5 Qf1 54. Kg3 Ne3 55.
Bf6+ Kd5 56. Kf3 Ng4 57. Kg3 Qxf2+ 58. Kh3 Qe3+ 59. g3 Qf2 60. Bd4 Kxd4 61. f5 Qg1 62. f6 Nf2# 0-1

[Event "*** Titled Tuesday Blitz"]
[Site "Chess.com"]
[Date "2020.05.19"]
[Round "10"]
[White "AleksanderHnydiuk"]
[Black "Isajevsky_Anton"]
[Result "0-1"]
[WhiteElo "2567"]
[BlackElo "2453"]
[TimeControl "180+1"]
[EndTime "13:57:55 PDT"]
[Termination "Isajevsky_Anton won by resignation"]

1. Nf3 c5 2. c4 g6 3. d4 cxd4 4. Nxd4 Bg7 5. e4 Nc6 6. Be3 Nf6 7. Nc3 O-O 8. Be2 d6 9. O-O Nxd4 10. Bxd4 Bd7 11. Qd3 Bc6 12. b4 b6 13. f4 Rc8 14.
Rac1 Bb7 15. Nd5 Nxd5 16. exd5 Bf6 17. Bxf6 exf6 18. Qd4 Kg7 19. Bf3 Re8 20. Rfe1 Rxe1+ 21. Rxe1 Qc7 22. Rc1 a5 23. a3 axb4 24. axb4 Ra8 25. g4 Ra3 26. Bg2 Bc8 27. g5 Qd8 28. c5 bxc5 29. bxc5 dxc5 30. Rxc5 Bd7 31. d6 Ra4 32. Qxf6+ Qxf6 33. gxf6+ Kxf6 34. Bc6 Bxc6 35. Rxc6 Rxf4 36. d7+ Ke7 37. Rd6 Kd8 38. Kg2 h5 39. Kg3 Rf5 40. h4 Ra5 41. Rf6 Kxd7 42. Rxf7+ Ke6 43. Rf3 Ra4 44. Re3+ Kf6 45. Rf3+ Ke5 46.
Re3+ Re4 47. Rf3 Rg4+ 48. Kh3 Rf4 49. Rg3 Kf5 50. Rg5+ Kf6 51. Kg3 Rf5 52. Rxf5+ gxf5 53. Kf4 Ke6 54. Kg5 Ke5 55. Kxh5 f4 56. Kg4 Ke4 57. h5 f3 58. h6 f2 59. h7 f1=Q 60. h8=Q Qg2+ 61.
Kh5 Qh3+ 62. Kg6 Qxh8 0-1

[Event "*** Titled Tuesday Blitz"]
[Site "Chess.com"]
[Date "2020.05.19"]
[Round "10"]
[White "gross-aleks"]
[Black "Twitch_ElhamBlitz05"]
[Result "1-0"]
[WhiteElo "2622"]
[BlackElo "2766"]
[TimeControl "180+1"]
[EndTime "13:57:56 PDT"]
[Termination "gross-aleks won on time"]

1. c4 Nf6 2. Nf3 e6 3. e3 d5 4. b3 Nbd7 5. Bb2 c6 6. Be2 Bd6 7. cxd5 exd5 8. d3 O-O 9. O-O h6 10. a3 Re8 11. Nbd2 Nf8 12. Re1 Ng6 13. Nf1 Bg4 14.
b4 Bc7 15. Ng3 h5 16. Nd4 Bxe2 17. Qxe2 h4 18. Ngf5 h3 19. g3 a5 20. Bc3 axb4 21. axb4 Rxa1 22. Rxa1 Qd7 23. Qf3 Ne5 24. Qf4 Nh5 25.
Qg5 g6 26. f4 Qxf5 27. Qxf5 gxf5 28. fxe5 Bxe5 29. Ra3 Ng7 30. Kf2 Bf6 31. Ra7 Rb8 32. Ne2 Bxc3 33. Nxc3 Ne6 34. Ne2 Kg7 35. d4 Kf6 36.
Nf4 Nxf4 37. gxf4 Ke6 38. Kg3 Kd7 39. Kxh3 Kc7 40. Ra2 Re8 41. Re2 Kb6 42. Kg2 Kb5 43. Kf3 b6 44. h4 Kxb4 45. Rb2+ Ka5 46. Rc2 Kb5 47. Rb2+ Ka6 48. Rg2 c5 49. Rg5 c4 50.
Rxf5 c3 51. Ke2 c2 52. Kd2 Rc8 53. Kc1 b5 54. Rxd5 b4 55. Rc5 Rh8 56. h5 1-0